 Dungeon Crawl Stone Soup version 0.17.0-28-g6e173f8 (webtiles) character file.

88 gorblad the Grave Robber (level 4, -2/30 HPs)
             Began as a Mummy Necromancer on Nov 30, 2015.
             Slain by an adder (4 damage)
             ... on level 2 of the Dungeon.
             The game lasted 00:09:38 (2077 turns).

gorblad the Grave Robber (Mummy Necromancer)        Turns: 2077, Time: 00:09:38

Health: -2/30      AC:  3    Str: 11    XL:     4   Next: 29%
Magic:  1/8        EV: 12    Int: 15    God:
Gold:   166        SH:  0    Dex: 12    Spells: 3 memorised, 3 levels left

rFire  x . .     SeeInvis .     f - +0 short sword
rCold  + . .     Clarity  .     a - +0 robe
rNeg   + + +     SustAt   .     (no shield)
rPois  ∞         Gourm    .     g - +0 helmet
rElec  .         Spirit   .     (no cloak)
rCorr  .         Warding  .     (no gloves)
rMut   .         Stasis   .     (no boots)
MR     .....                    h - amulet of faith
Stlth  ++........               (no ring)
                                (no ring)

@: very slightly contaminated, not resistant to hostile enchantments, unstealthy
A: no food or potions, fire vulnerability, cold resistance 1, negative energy
resistance 3, torment resistance, unbreathing
a: no special abilities


You were on level 2 of the Dungeon.
You were not hungry.

You visited 1 branch of the dungeon, and saw 2 of its levels.

You collected 166 gold pieces.

Inventory:

Hand Weapons
 f - a +0 short sword (weapon)
Armour
 a - a +0 robe (worn)
 d - a +0 leather armour
 g - a +0 helmet (worn)
Jewellery
 h - an amulet of faith (around neck)
 i - a cursed +5 ring of strength {unknown}
Scrolls
 e - 6 scrolls of identify
Books
 b - a book of Necromancy

   Spells                             Type                      Level
   a - Pain                           Necromancy                   1
   b - Animate Skeleton               Necromancy                   1
   c - Vampiric Draining              Necromancy                   3
   d - Regeneration                   Charms/Necromancy            3
   e - Animate Dead                   Necromancy                   4
   f - Control Undead                 Necromancy                   4


   Skills:
 - Level 0.2 Fighting
 - Level 1.5 Dodging
 - Level 1.5 Stealth
 * Level 2.9 Spellcasting
 * Level 5.2 Necromancy


You had 3 spell levels left.
You knew the following spells:

 Your Spells              Type           Power        Failure   Level  Hunger
a - Pain                  Necr           ###.         2%          1    N/A
b - Animate Skeleton      Necr           N/A          2%          1    N/A
c - Vampiric Draining     Necr           ###.......   10%         3    N/A

Dungeon Overview and Level Annotations

Branches:
Dungeon (2/15)

Altars:
Qazlal


Innate Abilities, Weirdness & Mutations

You do not eat or drink.
Your flesh is vulnerable to fire.
You are immune to poison.
Your flesh is cold resistant.
You are immune to negative energy.
You are immune to unholy pain and torment.
You can survive without breathing.


Message History

Aim: an adder (moderately wounded, berserk, fast, unusually strong, chance to defeat MR: 82%)
The adder barely resists.
The adder barely misses you.
The moth of wrath goads something on!
The adder bites you. The adder bites you but does no damage.
The adder bites you but does no damage. The adder bites you.
Casting: Pain
Confirm with . or Enter, or press ? or * to list all spells.
Aiming: Vampiric Draining
Press: ? - help, Shift-Dir - straight line, f/p - adder
Aim: an adder (moderately wounded, berserk, fast, unusually strong)
You miscast Vampiric Draining.
You are very lightly contaminated with residual magic.
You sense a malignant aura.
The adder bites you.
* * * LOW HITPOINT WARNING * * *
The adder bites you.
* * * LOW HITPOINT WARNING * * *
The rat barely misses you. The adder bites you.
You die...

# #.# ##.#.#.#...## # #.#
######..#.#.###..# # #.#
#.).......#.# ##.## # ###
#.####.####.####..# ## ..
#.#..#.........)..# .#
... #....#.####.####..#
## ....
###.##.#.......#..# #
.#... ##.##.#....##.#..#
#
###...##rrS@.#.....#.#..#
#
#y#../'w.##......_.§....#
#
###...######.#.#...§.#.##
# .#... #.#.##§...#.# ##
.... #.#.§§§...# .# ...
#.####.####.# ## ..
#...†....!..# # #######
#####.#...##### # #..#..#
#.....#####


You could see a worm (berserk), an adder (berserk) and 2 rats.

Vanquished Creatures
  Natasha (thrice) (D:2)
  An adder (D:2)
  2 giant cockroaches
  5 goblins
  9 hobgoblins
  2 jackals (D:1)
  6 kobolds
  A ball python (D:2)
  5 bats
  A giant gecko (D:1)
  4 giant newts
  10 rats
49 creatures vanquished.

Notes
Turn   | Place    | Note
--------------------------------------------------------------
     0 | D:1      | gorblad the Mummy Necromancer began the quest for the Orb.
     0 | D:1      | Reached XP level 1. HP: 13/13 MP: 3/3
   234 | D:1      | Reached XP level 2. HP: 11/19 MP: 1/5
   458 | D:1      | Learned a level 1 spell: Animate Skeleton
  1449 | D:2      | Reached XP level 3. HP: 24/24 MP: 4/6
  1676 | D:2      | Learned a level 3 spell: Vampiric Draining
  1791 | D:2      | Found a stormy altar of Qazlal.
  1808 | D:2      | Noticed Natasha
  1816 | D:2      | Killed Natasha
  1816 | D:2      | Reached skill level 5 in Necromancy
  1816 | D:2      | Reached XP level 4. HP: 22/30 MP: 2/8
  1875 | D:2      | Noticed Natasha
  1878 | D:2      | Killed Natasha
  2066 | D:2      | Noticed Natasha
  2066 | D:2      | Noticed a moth of wrath
  2068 | D:2      | Killed Natasha
  2077 | D:2      | Slain by an adder

Action                   |  1- 3 |  4- 6 || total
-------------------------+-------+-------++-------
Melee: Unarmed           |    14 |       ||    14
       Short sword       |    12 |       ||    12
 Cast: Pain              |    66 |    10 ||    76
  Use: Scroll            |     9 |       ||     9
